 Dungeon Crawl Stone Soup version 0.29-a0-275-g389c0b56f3 (webtiles) character file.

Game seed: 7073094534220180395

214 sking99 the Bolt Thrower (level 6, -3/36 HPs)
             Began as a Kobold Arcane Marksman on Mar 11, 2022.
             Was an Initiate of Fedhas.
             Slain by an ogre
             ... wielding a +0 giant club
              (19 damage)
             ... on level 3 of the Dungeon.
             The game lasted 00:07:14 (2217 turns).

sking99 the Bolt Thrower (Kobold Arcane Marksman)   Turns: 2217, Time: 00:07:15

Health: -3/36      AC:  7    Str:  7    XL:     6   Next: 15%
Magic:  9/9        EV: 19    Int: 14    God:    Fedhas [......]
Gold:   64         SH:  0    Dex: 18    Spells: 2/9 levels left

rFire   . . .      SeeInvis .   a - +0 hand crossbow
rCold   . . .      Faith    .   (no shield)
rNeg    . . .      Spirit   .   m - +0 leather armour
rPois   .          Reflect  .   k - +2 hat
rElec   .          Harm     .   (no cloak)
rCorr   .          Rampage  .   f - +1 pair of gloves
Will    .....                   (no boots)
Stlth   ++........              (no amulet)
HPRegen 0.12/turn               t - +4 ring of evasion
MPRegen 0.11/turn               (no ring)

@: no status effects
A: small, no large weapons, nightstalker 3
a: Renounce Religion


You were on level 3 of the Dungeon.
You worshipped Fedhas.
Fedhas was noncommittal.
You visited 1 branch of the dungeon, and saw 3 of its levels.

You collected 64 gold pieces.

Inventory:

Hand Weapons
 a - a +0 hand crossbow (weapon)
 l - a +4 dagger
Armour
 f - a +1 pair of gloves (worn)
 k - a +2 hat (worn)
 m - a +0 leather armour (worn)
Jewellery
 t - a +4 ring of evasion (left hand)
Wands
 r - a wand of charming (6)
Scrolls
 b - 2 scrolls of fog
 c - 2 scrolls of vulnerability
Potions
 e - a potion of might
 g - 2 potions of cancellation
 h - a potion of lignification
 n - a potion of ambrosia
 p - a potion of curing {unknown}


   Skills:
 - Level 2.8 Fighting
 - Level 5.0 Crossbows
 - Level 3.5 Dodging
 - Level 2.0 Spellcasting
 * Level 3.8 Hexes
 + Level 0.2 Translocations
 + Level 0.2 Fire Magic


You had 2 spell levels left.
You knew the following spells:

 Your Spells              Type           Power      Damage    Failure   Level
a - Slow                  Hex            48%        N/A       8%          1
b - Inner Flame           Hex/Fire       7%         N/A       43%         3
c - Portal Projectile     Hex/Tloc       14%        N/A       43%         3

Your spell library contained the following spells:

 Spells                   Type           Power      Damage    Failure   Level
 Cause Fear               Hex            6%         N/A       58%         4
 Freezing Cloud           Conj/Ice/Air   0%         6-21      100%        5
 Simulacrum               Ice/Necr       0%         N/A       100%        6
 Polar Vortex             Ice            0%         N/A       100%        9


Dungeon Overview and Level Annotations

Branches:
Dungeon (3/15)

Altars:
Cheibriados
Fedhas
Yredelemnul


Innate Abilities, Weirdness & Mutations

You are small and have problems with some larger weapons.
You are completely attuned to the shadows.


Message History

You shoot a bolt. The bolt hits the hobgoblin.
You kill the hobgoblin!
Fedhas appreciates your contribution to the ecosystem.
No target in view!
You now have 50 gold pieces (gained 11).
Found a snail-covered altar of Cheibriados.
You now have 64 gold pieces (gained 14).
Found a basalt altar of Yredelemnul.
Found a trident.
A rat comes into view.
You shoot a bolt. The bolt hits the rat.
You kill the rat!
Fedhas appreciates your contribution to the ecosystem.
No target in view!
An endoplasm comes into view.
The endoplasm quivers.
An endoplasm is nearby!
You shoot a bolt. The bolt hits the endoplasm!
You kill the endoplasm!
Fedhas accepts your kill.
An ogre comes into view. It is wielding a +0 giant club.
Found a flail.
Found a faded altar of an unknown god.
Found an escape hatch in the ceiling.
Found a stone staircase leading up.
You shoot a bolt. The bolt hits the ogre.
The ogre shouts!
The ogre is lightly wounded.
A ball python comes into view.
You shoot a bolt. The bolt barely misses the ogre.
The ball python hisses angrily.
The ogre misses you. The ogre attacks as you move away!
The ogre hits you with a +0 giant club!!
Ouch! That really hurt!
The ogre attacks as you move away! The ogre misses you.
The ogre attacks as you move away! The ogre barely misses you.
The ogre attacks as you move away!
The ogre hits you with a +0 giant club!!
Ouch! That really hurt!
You die...
Fedhas appreciates your contribution to the ecosystem.

......# ***,*#.##.#,,,,,,,,*,*
......# *,,,*#.##.#*******,*,*
####### *.####.##.#,,,,,,,,*,*
*......##.#,********,*
*******######..##.#,,,,,,,,*,*
,,,<,,,........##.###*****,*,*
****,**.....#.###....,,,,,,,,*
*,,,,,..............,>*******
*,*,,*##.###..#@#******
*,*,**...,,##.#O#
*,,,*,..*,,,#.S.#
*,,,*,<,,.<.#...#
*,,,*,,,_...#...##
*,,,*,*,).#.#....#
*,,,,,,,<......#.#
*,,,,*,,,..#...#.##
**,,,**#####...#..#


You could see an ogre and a ball python.

Vanquished Creatures
  Sigmund (D:2)
  2 adders (D:3)
  2 worms (D:2)
  A dart slug (D:1)
  6 ball pythons
  5 endoplasms
  3 giant cockroaches
  4 goblins
  4 hobgoblins
  2 quokkas
  4 bats
  4 frilled lizards
  7 kobolds
  4 rats
49 creatures vanquished.

Notes
Turn   | Place    | Note
-------+----------+-------------------------------------------
     0 | D:1      | sking99 the Kobold Arcane Marksman began the quest for the
                  | Orb.
     0 | D:1      | Reached XP level 1. HP: 12/12 MP: 2/2
   133 | D:1      | Reached XP level 2. HP: 16/16 MP: 3/3
   150 | D:1      | Reached skill level 3 in Crossbows
   338 | D:1      | Reached XP level 3. HP: 16/20 MP: 5/5
  1218 | D:2      | Found a blossoming altar of Fedhas.
  1399 | D:2      | Became a worshipper of Fedhas Madash
  1483 | D:2      | Reached XP level 4. HP: 26/26 MP: 6/6
  1657 | D:2      | Noticed Sigmund
  1719 | D:2      | Killed Sigmund
  1720 | D:2      | Reached skill level 4 in Crossbows
  1720 | D:2      | Reached XP level 5. HP: 28/32 MP: 6/8
  1821 | D:3      | Reached XP level 6. HP: 36/36 MP: 9/9
  1941 | D:3      | Reached skill level 5 in Crossbows
  2057 | D:3      | Learned a level 3 spell: Inner Flame
  2061 | D:3      | Learned a level 3 spell: Portal Projectile
  2131 | D:3      | Found a snail-covered altar of Cheibriados.
  2145 | D:3      | Found a basalt altar of Yredelemnul.
  2207 | D:3      | Found a faded altar of an unknown god.
  2207 | D:3      | Noticed an ogre
  2217 | D:3      | Slain by an ogre

Illustrated notes

Levels and vault maps discovered:
D:1:      eino_arrival_cavern_d, layout_loops_ring
D:2:      layout_basic, basic_altar, uniq_sigmund
D:3:      layout_basic, grunt_temple_overflow_open, overflow_temple_1_default,
          nicolae_ecumenical_pavilion, minivault_27

Skill      XL: |  1  2  3  4  5  6 |
---------------+-------------------+-----
Crossbows      | 3 4 5 |  5.0
Fighting       | 2 |  2.8
Dodging        | 3 |  3.5
Spellcasting   | 2 |  2.0
Hexes          | |  3.8
Translocations | |  0.2
Fire Magic     | |  0.2

Action                   |  1- 3 |  4- 6 || total
-------------------------+-------+-------++-------
 Fire: Hand crossbow     |   107 |    51 ||   158
 Cast: Slow              |     2 |     5 ||     7
  Use: Scroll            |       |    10 ||    10
Armor: Robe              |     5 |       ||     5
       Leather armour    |     6 |     4 ||    10
Dodge: Dodged            |    26 |    30 ||    56

Table legend: (Time is in decaauts)
 A = Elapsed time spent in this place.
 B = Non-inter-level travel time spent in this place.
 C = Inter-level travel time spent in this place.
 D = Time resting spent in this place.
 E = Time spent auto-exploring this place.
 F = Levels seen in this place.
 G = Mean time per level.
                   A        B        C        D        E       F      G
               +--------+--------+--------+--------+--------+-----+--------+
         Total |   2272 |   2240 |     32 |    347 |   1391 |   3 |  757.3 |
       Dungeon |   2272 |   2240 |     32 |    347 |   1391 |   3 |  757.3 |
               +--------+--------+--------+--------+--------+-----+--------+

Top non-repeatable levels by time:
     D:1: 944 daAuts
     D:2: 909 daAuts
     D:3: 417 daAuts
